 Dungeon Crawl Stone Soup version 0.30.1-3-gfc49f6343a (webtiles) character file.

Game seed: 17285917543560696027

510 Gorgoleon the Carver (level 7, -12/46 (50) HPs)
             Began as a Human Gladiator on July 20, 2023.
             Mangled by a wight
             ... wielding a +0 great sword
              (20 damage)
             ... on level 5 of the Dungeon.
             The game lasted 00:11:02 (4654 turns).

Gorgoleon the Carver (Human Gladiator)              Turns: 4654, Time: 00:11:03

HP:   -12/46 (50)   AC:  6    Str: 14    XL:     7   Next: 42%
MP:   7/7           EV: 12    Int:  9    God:
Gold: 998           SH:  3    Dex: 16    Spells: 6/6 levels left

rFire   . . .        a - +1 long sword (flame)
rCold   . . .        A - +0 buckler
rNeg    . . .        b - +1 leather armour
rPois   .            c - +0 helmet
rElec   .            (no cloak)
rCorr   .            m - +0 pair of gloves
SInv    .            (no boots)
Will    .....        (no amulet)
Stlth   +            (no ring)
HPRegen 0.27/turn    (no ring)
MPRegen 0.10/turn

%: no passive effects
@: hasted, drained, very quick
A: no striking features
a: no special abilities


You were on level 5 of the Dungeon.
You visited 1 branch of the dungeon, and saw 5 of its levels.
You also visited: Sewer.

You collected 998 gold pieces.

Inventory:

Hand Weapons
 a - a +1 long sword of flaming (weapon)
Missiles
 d - 3 throwing nets
 e - a javelin
 f - 55 stones (quivered)
 n - 4 boomerangs
 t - 4 poisoned darts
Armour
 b - a +1 leather armour (worn)
 c - a +0 helmet (worn)
 m - a +0 pair of gloves (worn)
 A - a +0 buckler (worn)
Jewellery
 p - an amulet of faith
 y - a +6 ring of intelligence
Wands
 s - a wand of charming (10)
 x - a wand of mindburst (13)
Scrolls
 i - a scroll of brand weapon
 l - 2 scrolls of teleportation
 w - 2 scrolls of torment
 z - 2 scrolls of poison
Potions
 g - 2 potions of flight
 h - a potion of degeneration
 j - 2 potions of brilliance
 k - a potion of cancellation {unknown}
 o - 4 potions of haste
 q - a potion of mutation
 r - 2 potions of heal wounds {unknown}
 u - a potion of invisibility
 v - 3 potions of curing {unknown}


   Skills:
 - Level 2.0 Fighting
 + Level 8.0 Long Blades
 - Level 2.0 Throwing
 - Level 3.0 Dodging


You had 6 spell levels left.
You didn't know any spells.
Your spell library was empty.

Dungeon Overview and Level Annotations

Branches:
Dungeon (5/15)              Sewer (visited)
 Temple: D:4-7

Altars:
Elyvilon
Vehumet
Wu Jian

Shops:
D:2 !:

Annotations:
D:4 2 transporters


Message History

You kill the ufetubus!
You climb upwards.
Level annotation: 2 transporters
There is a stone staircase leading down here.
You start resting.
HP restored.
There is a stone staircase leading down here.
You climb downwards.
There is a stone staircase leading up here.
There is a stone staircase leading up here.
Throw: 4 boomerangs
Press: ? - help, Shift-Dir - straight line, f - wight
Aim: a wight, wielding a +0 great sword and wearing a +0 robe (62% to hit)
You throw a boomerang.
The boomerang hits the wight but does no damage.
You barely miss the wight.
The wight hits you with a +0 great sword!
You hit the wight. You burn the wight.
The wight is lightly damaged.
The wight hits you with a +0 great sword!
You feel drained.
You slash the wight! You burn the wight.
The wight is severely damaged.
The wight hits you with a +0 great sword!
* * * LOW HITPOINT WARNING * * *
You feel drained.
* * * LOW HITPOINT WARNING * * *
You hit the wight but do no damage.
The wight is severely damaged.
The wight misses you.
You closely miss the wight.
The wight is severely damaged.
The wight barely misses you.
You hit the wight but do no damage.
The wight is severely damaged.
The wight hits you with a +0 great sword.
* * * LOW HITPOINT WARNING * * *
It was a potion of haste.
You feel yourself speed up.
The wight hits you with a +0 great sword!!
You die...

##.### #....##### #....#
##### #....#
#....###...#####....#
#......z............#
#...#####.######....####
#...#~~~#z## #.......#
#...#~~~#..# #....##.####
#...#~.~#..########........
#...#~~~#...z@...#..≈≈≈≈≈§§
#)..#~~~#.#.####....≈......
#...##'##...# #....≈.≈≈≈≈.
###.......### ####.≈.≈...≈
##........# #..§≈.≈._.≈
#........# #.§.§.≈...≈
#........#####.§.≈.≈≈≈≈≈
#......).........≈......
#........#####...≈.≈≈≈≈≈


You could see a wight.

Vanquished Creatures
  A scorpion (D:4)
  3 wights
  A hound (D:4)
  Jessica (D:2)
  A sleepcap (D:5)
  An iguana (D:5)
  A hell rat (Sewer)
  6 adders
  2 river rats (Sewer)
  An ufetubus (D:5)
  5 worms
  A dart slug (D:4)
  An orc (D:4)
  10 ball pythons
  3 endoplasms
  6 giant cockroaches
  6 goblins
  5 hobgoblins
  3 jackals (D:1)
  3 quokkas
  7 bats
  7 frilled lizards
  2 kobolds
  8 rats
85 creatures vanquished.

Notes
Turn   | Place    | Note
-------+----------+-------------------------------------------
     0 | D:1      | Gorgoleon the Human Gladiator began the quest for the Orb.
     0 | D:1      | Reached XP level 1. HP: 16/16 MP: 1/1
    76 | D:1      | Reached XP level 2. HP: 22/22 MP: 2/2
   395 | D:1      | Reached skill level 4 in Long Blades
   395 | D:1      | Reached XP level 3. HP: 27/27 MP: 3/3
   751 | D:2      | Found Sabin's Book Shop.
  1064 | D:2      | Noticed Jessica
  1070 | D:2      | Killed Jessica
  1071 | D:2      | Reached XP level 4. HP: 33/33 MP: 4/4
  1098 | D:2      | Reached skill level 5 in Long Blades
  1162 | D:2      | Found Tacaps's Distillery.
  1241 | D:2      | Found a faded altar of an unknown god.
  2196 | D:3      | Reached XP level 5. HP: 31/38 MP: 5/5
  2672 | D:4      | Noticed a steam dragon
  2672 | D:4      | Found a white marble altar of Elyvilon.
  2672 | D:4      | Noticed a bullfrog
  2677 | D:4      | Noticed a sky beast
  2713 | D:4      | Identified a scroll of acquirement
  2713 | D:4      | Acquired 766 gold pieces
  2748 | D:4      | Found a transporter.
  2816 | D:4      | Found a transporter.
  3168 | D:4      | Reached skill level 6 in Long Blades
  3168 | D:4      | Reached XP level 6. HP: 38/44 MP: 6/6
  3708 | D:4      | Found an ornate altar of the Wu Jian Council.
  3884 | D:5      | Entered Level 5 of the Dungeon
  4003 | D:5      | Found a glowing drain.
  4050 | Sewer    | Entered a sewer
  4121 | Sewer    | Reached skill level 7 in Long Blades
  4161 | D:5      | Found a radiant altar of Vehumet.
  4202 | D:5      | Reached XP level 7. HP: 50/50 MP: 7/7
  4476 | D:5      | Reached skill level 8 in Long Blades
  4654 | D:5      | Mangled by a wight

Illustrated notes

Levels and vault maps discovered:
D:1:      nzn_arrival_water_spiral, layout_basic, chequers_garden, minivault_23
D:2:      layout_basic, dreamdust_ecumenical_altar_hidden_monk_grotto,
          serial_shops, shop, nicolae_diamond_shop, minmay_splitting_lines,
          uniq_jessica
D:3:      layout_rooms, serial_co_window_serial, co_window_paths_a,
          co_window_cross_1, co_window_paths_a, co_window_paths_b,
          co_window_corner_a, co_window_of_opportunity_a, co_window_corner_a,
          co_window_unsneaky_path_a, co_window_of_opportunity_b,
          co_window_paths_c, co_window_of_opportunity_b, co_window_broadway_b,
          co_window_cross_3, glass_columns_b, glass_columns_b, glass_columns_b,
          glass_columns_a, glass_columns_b
D:4:      layout_basic, gammafunk_temple_overflow_arena,
          nzn_wu_jian_contemplation
D:5:      layout_rooms, mainiacjoe_overflow_concentric_impassable,
          gup_sewer_entry_glass, minmay_bent

Skill      XL: |  1  2  3  4  5  6  7 |
---------------+----------------------+-----
Long Blades    | 4 5 6 7 8 |  8.0
Fighting       | |  2.0
Throwing       | |  2.0
Dodging        | |  3.0

Action                     |  1- 3 |  4- 6 |  7- 9 || total
---------------------------+-------+-------+-------++-------
  Melee: Long sword        |    69 |   194 |    41 ||   304
         Punch             |     1 |       |       ||     1
  Throw: Boomerang         |     1 |       |     1 ||     2
         Stone             |     1 |       |       ||     1
    Use: Scroll            |       |    14 |       ||    14
         Potion            |       |       |     1 ||     1
   Stab: Sleeping          |       |     1 |       ||     1
 Armour: Leather armour    |    19 |    54 |     8 ||    81
  Dodge: Dodged            |    48 |   113 |    26 ||   187
  Block: Buckler           |       |    22 |     6 ||    28
